 Dungeon Crawl Stone Soup version 0.32-a0-814-g0968bab981 (webtiles) character file.

Game seed: 12532383247583034051

3248 zenocrate the Insei (level 9, 0/64 HPs)
             Began as an Octopode Earth Elementalist on Mar 22, 2024.
             Succumbed to their own poison gas
             ... on level 7 of the Dungeon.
             The game lasted 00:08:25 (6191 turns).

zenocrate the Insei (Octopode Earth Elementalist)   Turns: 6191, Time: 00:08:26

Health: 0/64       AC:  3    Str: 15    XL:     9   Next: 99%
Magic:  4/12       EV: 13    Int: 17    God:
Gold:   350        SH:  0    Dex: 13    Spells: 8/12 levels left

rFire   . .          .
                       - Unarmed
rCold   . . .        (no shield)
rNeg    . . .        (helmet restricted)
rPois   .            s - amulet of magic regeneration
rElec   .            q - ring of see invisible
rCorr   +            v - +2 ring of strength
SInv    +            D - ring of resist corrosion
Will    .....        (no ring)
Stlth   ++++         (no ring)
HPRegen 0.30/turn    (no ring)
MPRegen 0.53/turn    (no ring)
                     (no ring)

%: no passive effects
@: mighty, lethally poisoned (0 -> -13)
A: almost no armour, amphibious, 8 rings, camouflage 1, gelatinous body 1,
(nimble swimmer 1), tentacles, iridescent scales 1, screaming 1, strong 1, wild
magic 1
a: no special abilities


You were on level 7 of the Dungeon.
You visited 2 branches of the dungeon, and saw 8 of its levels.

You collected 383 gold pieces.
You spent 33 gold pieces at shops.

Inventory:

Hand Weapons
 b - the +4 spear of the Incandescent {flame, Str+3 Int+2 Dex+2}
   (You found it on level 2 of the Dungeon)

   Str+3:     It affects your strength (+3).
   Int+2:     It affects your intelligence (+2).
   Dex+2:     It affects your dexterity (+2).
Missiles
 f - a throwing net
Magical Staves
 i - a staff of cold
 u - a staff of death
Jewellery
 q - a ring of see invisible (left tentacle)
 s - an amulet of magic regeneration (around mantle)
 v - a +2 ring of strength (right tentacle)
 D - a ring of resist corrosion (on tentacle)
Talismans
 y - a serpent talisman
 C - a maw talisman
Wands
 x - a wand of digging (2)
Scrolls
 g - a scroll of amnesia {unknown}
 l - 2 scrolls of poison
 m - 3 scrolls of immolation
 o - a scroll of acquirement {unknown}
 p - a scroll of blinking {unknown}
 r - 2 scrolls of enchant weapon
 w - 2 scrolls of noise
 z - a scroll of enchant armour {unknown}
 E - a scroll of torment {unknown}
Potions
 a - a potion of magic
 c - a potion of curing
 d - a potion of haste {unknown}
 e - 3 potions of attraction
 j - a potion of resistance
 k - 3 potions of mutation
 A - a potion of degeneration {unknown}
 B - 2 potions of brilliance {unknown}


   Skills:
 + Level 7.1 Fighting
 - Level 4.6 Dodging
 - Level 6.0 Stealth
 + Level 7.3 Unarmed Combat
 - Level 2.0 Spellcasting
 - Level 1.0 Conjurations
 - Level 3.0 Earth Magic
 - Level 3.5 Evocations
 + Level 5.2 Shapeshifting


You had 8 spell levels left.
You knew the following spells:

 Your Spells              Type           Power      Damage    Failure   Level
a - Stone Arrow           Conj/Erth      22%        3d8       34%         3
b - Sandblast             Erth           30%        2d9       9%          1

Your spell library contained the following spells:

 Spells                   Type           Power      Damage    Failure   Level
 Passwall                 Erth           15%        N/A       24%         3
 Gell's Gravitas          Tloc           2%         N/A       58%         3
 Teleport Other           Tloc           2%         N/A       58%         3
 Brom's Barrelling Bould  Conj/Erth      11%        2d3       71%         4
 Petrify                  Alch/Erth      8%         N/A       78%         4
 Dispersal                Tloc           1%         N/A       100%        6
 Lehudib's Crystal Spear  Conj/Erth      5%         10d3      100%        8
 Animate Armour           Summ/Erth      Unusable   N/A       N/A         4

Dungeon Overview and Level Annotations

Branches:
Dungeon (7/15)             Temple (1/1) D:7

Altars:
Ashenzari
Cheibriados
Dithmenos
Elyvilon
Fedhas
Hepliaklqana
Kikubaaqudgha
Makhleb
Okawaru
Qazlal
Ru
Sif Muna
Trog
Uskayaw
Vehumet
Wu Jian
Xom
Yredelemnul

Shops:
D:4 =(


Innate Abilities, Weirdness & Mutations

You cannot wear most types of armour.
You are amphibious.
You can wear up to eight rings at the same time.
Your skin changes colour to match your surroundings (Stealth+).
Your rubbery body absorbs attacks. (AC +1, EV +1)
((You are camouflaged when in or above water. (Stealth+)))
You have tentacles for arms and can constrict up to eight enemies at once.
You are partially covered in iridescent scales. (AC +2)
You occasionally shout uncontrollably at your foes.
Your muscles are strong. (Str +4, Int/Dex -1)
Your spells are a little harder to cast, but a little more powerful.


Message History

Aim: a large slime creature (poison gas, 93% to hit)
Okay, then.
Okay, then.
Okay, then.
Okay, then.
You feel mightier all of a sudden.
Your magical contamination has completely faded away.
Casting: Stone Arrow (dangerous; 34% risk of failure)
Confirm with . or Enter, or press ? or * to list all spells.
Aiming: Stone Arrow (dangerous; 34% risk of failure)
Press: ? - help, Shift-Dir - straight line, f - large slime creature
Aim: a large slime creature (poison gas, 93% to hit)
The stone arrow hits the large slime creature!
The large slime creature is lightly wounded.
Unknown command.
You tentacle-slap the large slime creature.
The large slime creature is lightly wounded.
The large slime creature hits you.
Unknown command.
You bludgeon the large slime creature!
You tentacle-slap the large slime creature.
You squeeze the large slime creature!
The large slime creature is moderately wounded.
The large slime creature hits you!!
* * * LOW HITPOINT WARNING * * *
Unknown command.
Unknown command.
Okay, then.
Okay, then.
Okay, then.
Okay, then.
Okay, then.
Okay, then.
You are engulfed in poison gas.
You are lethally poisoned!
* * * LOW HITPOINT WARNING * * *
x2 You feel very sick.
A jelly comes into view.
Unknown command.
You die...

###.#
#..####...#######
.#.#.#.#o#.#.#.#
..☼☼...........
#.#J#.#.#y#.#.#
...☼T....g....$
#.#§#.#.#.#.#.#
.###☼.....### ..
##@##.### #.#
.#.##☼§##.######...#.
.○☼§○☼§§J§§§§.☼.......
####§#########.#####.
..Y #.# #... #.# ...
#J# ..# ... .ßJ


You could see a large slime creature, a hornet (wandering), an ice beast
(wandering), a gnoll sergeant (wandering) and a jelly (wandering).

Vanquished Creatures
  A troll (D:7)
  Grinder (D:5)
  A wyvern (D:7)
  2 water moccasins (D:7)
  A sky beast (D:6)
  A black bear (D:5)
  4 ice beasts
  4 ogres
  A centaur (D:6)
  A phantom (D:5)
  2 kobold brigands (D:7)
  6 scorpions
  A bullfrog (D:7)
  5 wights (D:6)
  A howler monkey (D:7)
  3 jellies (D:7)
  2 orc priests
  5 hounds
  A sleepcap (D:5)
  2 iguanas
  3 orc wizards (D:7)
  8 adders
  A shadow imp (D:6)
  A white imp (D:4)
  2 ufetubi (D:5)
  3 ribbon worms
  6 orcs
  5 endoplasms
  2 giant cockroaches
  3 goblins
  4 hobgoblins
  9 jackals
  16 kobolds
  6 quokkas
  6 ball pythons
  8 bats
  4 frilled lizards
  5 rats
137 creatures vanquished.

Notes
Turn   | Place    | Note
-------+----------+-------------------------------------------
     0 | D:1      | zenocrate the Octopode Earth Elementalist began the quest
                  | for the Orb.
     0 | D:1      | Reached XP level 1. HP: 11/11 MP: 3/3
   172 | D:1      | Reached XP level 2. HP: 18/18 MP: 5/5
   505 | D:1      | Reached XP level 3. HP: 19/22 MP: 6/6
   509 | D:1      | Reached skill level 1 in Fighting
   509 | D:1      | Reached skill level 1 in Unarmed Combat
  1242 | D:2      | Identified the +4 spear of the Incandescent {flame, Str+3
                  | Int+2 Dex+2}
  1468 | D:2      | Reached XP level 4. HP: 17/28 MP: 7/7
  2110 | D:3      | Found a faded altar of an unknown god.
  2485 | D:3      | Identified the +1 robe of Fukeiwk {rF- rC++ Dex+4}
  2507 | D:3      | Reached skill level 1 in Evocations
  2723 | D:3      | Reached XP level 5. HP: 33/33 MP: 8/8
  2848 | D:3      | Learned a level 3 spell: Stone Arrow
  2869 | D:4      | Found Yboecanui's Antique Weapon Emporium.
  2928 | D:4      | Noticed an ogre
  2935 | D:4      | Killed an ogre
  2936 | D:4      | Reached XP level 6. HP: 39/39 MP: 9/9
  3001 | D:4      | Found Geng's One-of-a-Kind Rings.
  3080 | D:4      | Bought a +2 ring of strength for 33 gold pieces
  3092 | D:4      | Gained mutation: Your muscles are strong. (Str +4, Int/Dex
                  | -1) [potion of mutation]
  3092 | D:4      | Gained mutation: You occasionally shout uncontrollably at
                  | your foes. [potion of mutation]
  3092 | D:4      | Gained mutation: Your spells are a little harder to cast,
                  | but a little more powerful. [potion of mutation]
  3092 | D:4      | Gained mutation: You are partially covered in iridescent
                  | scales. (AC +2) [potion of mutation]
  3523 | D:5      | Entered Level 5 of the Dungeon
  3595 | D:5      | Found a broken altar of Ashenzari.
  3604 | D:5      | Reached skill level 5 in Stealth
  3604 | D:5      | Reached XP level 7. HP: 30/45 MP: 10/10
  3816 | D:5      | Noticed Grinder
  3825 | D:5      | Killed Grinder
  3826 | D:5      | Reached XP level 8. HP: 37/52 MP: 11/11
  4110 | D:5      | Found a burning altar of Makhleb.
  4258 | D:5      | Reached skill level 1 in Shapeshifting
  4714 | D:6      | Identified the +4 pair of gloves of Zuinki {rPois Will+
                  | Dex+5}
  4772 | D:6      | Reached skill level 5 in Unarmed Combat
  5033 | D:6      | Found a sacrificial altar of Ru.
  5033 | D:6      | Found a shimmering blue altar of Sif Muna.
  5033 | D:6      | Found a bloodstained altar of Trog.
  5039 | D:6      | Reached skill level 5 in Fighting
  5129 | D:6      | Reached XP level 9. HP: 38/61 MP: 12/12
  5715 | D:7      | Found a stormy altar of Qazlal.
  5763 | D:7      | Found a staircase to the Ecumenical Temple.
  5770 | Temple   | Entered the Ecumenical Temple
  6127 | D:7      | Reached skill level 5 in Shapeshifting
  6130 | D:7      | Noticed a troll
  6142 | D:7      | Noticed a deep elf pyromancer
  6160 | D:7      | Noticed a hornet
  6185 | D:7      | Killed a troll
  6190 | D:7      | HP: 3/64 [poisoned by you (poison gas)]
  6191 | D:7      | Succumbed to their own poison gas

Illustrated notes

Levels and vault maps discovered:
D:1:      lightli_arrival_statuegarden, layout_loops_ring
D:2:      layout_basic
D:3:      layout_loops_corners, hellmonk_ecumenical_altar_leap_of_faith,
          hangedman_decor_diamond_cutter
D:4:      cheibrodos_quashed, layout_rooms, serial_shops, shop_coins,
          nicolae_shop_unique_rings
D:5:      layout_basic, old_standard_altar, makhleb_blood_cavern_becter,
          uniq_grinder
D:6:      layout_rooms, gammafunk_temple_overflow_forgotten,
          kennysheep_generic_room_4
D:7:      layout_basic, mainiacjoe_overflow_small_starburst,
          minmay_temple_entry_butterflies, st_stairs_13, minmay_the_grid_2x2
          [minmay_the_grid_broken_lines, minmay_the_grid_expand,
          minmay_the_grid_plusring, minmay_the_grid_prize_four_corners]
Temple:   nicolae_temple_bog_church

Skill      XL: |  1  2  3  4  5  6  7  8  9 |
---------------+----------------------------+-----
Stealth        | 3 4 5 6 |  6.0
Fighting       | 1 2 3 5 7 |  7.1
Unarmed Combat | 1 2 3 4 5 7 |  7.3
Dodging        | 3 4 |  4.6
Evocations     | 1 2 3 |  3.5
Shapeshifting  | 3 5 |  5.2
Spellcasting   | |  2.0
Conjurations   | |  1.0
Earth Magic    | |  3.0

Action                     |  1- 3 |  4- 6 |  7- 9 || total
---------------------------+-------+-------+-------++-------
  Melee: Unarmed           |    61 |       |    38 ||    99
         Constrict         |    21 |    19 |    22 ||    62
         Tentacles         |    10 |    16 |    34 ||    60
         Punch             |     2 |       |     2 ||     4
         Spear             |     5 |    86 |   109 ||   200
   Cast: Sandblast         |    11 |     6 |     1 ||    18
         Stone Arrow       |       |       |    14 ||    14
    Use: Scroll            |       |     7 |     8 ||    15
         Potion            |       |     1 |     9 ||    10
   Stab: Sleeping          |    11 |    13 |    10 ||    34
         Distracted        |       |       |     2 ||     2
 Armour: Skin              |    29 |    20 |    71 ||   120
  Dodge: Dodged            |    40 |    32 |    66 ||   138

Table legend: (Time is in decaauts)
 A = Elapsed time spent in this place.
 B = Non-inter-level travel time spent in this place.
 C = Inter-level travel time spent in this place.
 D = Time resting spent in this place.
 E = Time spent auto-exploring this place.
 F = Levels seen in this place.
 G = Mean time per level.
                   A        B        C        D        E       F      G
               +--------+--------+--------+--------+--------+-----+--------+
         Total |   6224 |   6051 |    173 |      4 |   5014 |   8 |  778.0 |
       Dungeon |   6223 |   6050 |    173 |      4 |   5014 |   7 |  889.0 |
        Temple |      1 |      1 |      0 |      0 |      0 |   1 |    1.0 |
               +--------+--------+--------+--------+--------+-----+--------+

Top non-repeatable levels by time:
     D:5: 1082 daAuts
     D:2: 1078 daAuts
     D:1: 904 daAuts
     D:3: 893 daAuts
     D:6: 834 daAuts
     D:7: 771 daAuts
     D:4: 659 daAuts
  Temple: 1 daAuts
